 Dungeon Crawl Stone Soup version 0.30-a0-292-g0f741e3f8e (console) character file.

Game seed: 4390601194630007953

9753 jejorda2 the Basher (level 11, 0/89 HPs)
             Began as a Gnoll Berserker on Oct 17, 2022.
             Was a Priest of Trog.
             Slain by a minotaur
             ... wielding a staff of earth
              (9 damage)
             ... in a Gauntlet.
             The game lasted 00:32:47 (11128 turns).

jejorda2 the Basher (Gnoll Berserker)              Turns: 11128, Time: 00:32:47

Health: 0/89       AC: 18    Str: 20    XL:     11   Next: 51%
Magic:  0/20       EV:  9    Int:  9    God:    Trog [***...]
Gold:   739        SH:  0    Dex: 12    Spells: 23/23 levels left

rFire   + . .      SeeInvis +    b - +0 flail
rCold   . . .      Faith    .    B - +0 kite shield
rNeg    . . .      Spirit   +    M - +2 chain mail {Will+}
rPois   +          Reflect  .    P - +1 helmet of the Quahog {Will+ SInv}
rElec   .          Harm     .    (no cloak)
rCorr   .          Rampage  .    f - +2 pair of gloves {infuse}
Will    ++...      NoTele   +    (no boots)
Stlth   ..........               O - amulet of Emavep {Spirit rPois Int+4}
HPRegen 0.34/turn                p - ring of protection from fire
MPRegen 0.17/turn                (no ring)

@: confused, ambrosia-drunk, on berserk cooldown, slowed, studying Shields, very
slow
A: fangs 1, strong nose, distributed training, [dopey 1], [subdued magic 2]
a: Renounce Religion, Berserk, Trog's Hand


You were in a Gauntlet.
You worshipped Trog.
Trog was most pleased with you.
You visited 1 branch of the dungeon, and saw 11 of its levels.
You also visited: Sewer and Gauntlet.

You collected 739 gold pieces.

Inventory:

Hand Weapons
 a - a +1 whip of draining
 b - a +0 flail (weapon)
Missiles
 d - 59 stones
 e - a boomerang of dispersal
 r - 4 throwing nets
 u - 4 atropa-tipped darts
 w - 27 poisoned darts (quivered)
 y - a curare-tipped dart
 A - 4 javelins
 J - 7 boomerangs
Armour
 f - a +2 pair of gloves of infusion (worn)
 v - a +2 ring mail of cold resistance
 B - a +0 kite shield (worn)
 L - the +2 helmet "Pesch" {rElec Will- Dex+2}
   (You found it on level 9 of the Dungeon)

   Dex:       It affects your dexterity (+2).
   rElec:     It insulates you from electricity.
   Will:      It decreases your willpower.
 M - a +2 chain mail of willpower (worn)
 N - a +0 buckler
 P - the +1 helmet of the Quahog (worn) {Will+ SInv}
   (You found it in a Gauntlet)

   SInv:      It lets you see invisible.
   Will:      It increases your willpower.
Jewellery
 p - a ring of protection from fire (left hand)
 O - the amulet of Emavep (around neck) {Spirit rPois Int+4}
   (You found it in a Gauntlet)

   [amulet of guardian spirit]

   It causes incoming damage to be divided between your reserves of health and
   magic.
   Int:       It affects your intelligence (+4).
   rPois:     It protects you from poison.
Wands
 C - a wand of mindburst (9)
 D - a wand of roots (13)
 H - a wand of polymorph (5)
 K - a wand of paralysis (6)
Scrolls
 c - 3 scrolls of teleportation
 j - 3 scrolls of enchant armour
 l - a scroll of fog
 q - a scroll of poison
 s - a scroll of identify
 F - 3 scrolls of summoning {unknown}
 G - 2 scrolls of magic mapping
Potions
 g - 4 potions of attraction
 h - a potion of invisibility {unknown}
 i - 3 potions of flight
 k - 7 potions of curing
 m - 3 potions of might
 n - 2 potions of heal wounds {unknown}
 o - a potion of lignification {unknown}
 t - 3 potions of mutation
 x - 2 potions of ambrosia
 z - 3 potions of resistance {unknown}
 E - 3 potions of brilliance {unknown}
 I - a potion of degeneration {unknown}


   Skills:
 + Level 9.4 Fighting
 + Level 6.6 Short Blades
 + Level 6.6 Long Blades
 + Level 6.6 Axes
 + Level 9.4 Maces & Flails
 + Level 6.6 Polearms
 + Level 6.6 Staves
 + Level 6.6 Ranged Weapons
 + Level 6.6 Throwing
 + Level 8.1 Armour
 + Level 8.1 Dodging
 + Level 6.6 Stealth
 + Level 7.2 Shields
 + Level 6.6 Unarmed Combat
 + Level 6.6 Spellcasting
 + Level 5.4 Conjurations
 + Level 5.4 Hexes
 + Level 5.4 Summonings
 + Level 5.4 Necromancy
 + Level 5.4 Translocations
 + Level 5.4 Transmutations
 + Level 5.4 Fire Magic
 + Level 5.4 Ice Magic
 + Level 5.4 Air Magic
 + Level 5.4 Earth Magic
 + Level 5.4 Poison Magic
 + Level 7.2 Invocations
 + Level 6.6 Evocations


You had 23 spell levels left.
You didn't know any spells.
Your spell library was empty.

Dungeon Overview and Level Annotations

Branches:
Dungeon (11/15)            Temple (0/1) D:5            Lair (0/5) D:11
    Orc (0/2) D:10          Sewer (visited)         Gauntlet (1/1)

Altars:
Fedhas
Gozag
Hepliaklqana
Makhleb
Okawaru
Qazlal
Trog
Vehumet
Xom
Yredelemnul
Zin

Shops:
D:5 *

Annotations:
D:3 exclusion: statue
D:5 1 runed translucent door Gauntlet 8 transporters, 1 runed translucent door


Innate Abilities, Weirdness & Mutations

You have very sharp teeth.
Your uncanny sense of smell can sniff out nearby items.
Your experience applies equally to all skills.
[You are dopey. (Int -2)]
[Your spells are easier to cast, but less powerful.]


Message History

The minotaur is severely wounded.
You block the minotaur's attack. The minotaur gores you!
You sock the minotaur!
The minotaur is almost dead.
You sock the minotaur!
The minotaur is almost dead.
You are no longer berserk.
You are exhausted.
You feel yourself slow down.
The minotaur hits you with a staff of earth!!
The minotaur gores you but does no damage.
You closely miss the minotaur.
The minotaur is almost dead.
You block the minotaur's attack. The minotaur gores you.
The minotaur hits you with a staff of earth!
* * * LOW HITPOINT WARNING * * *
The minotaur gores you but does no damage.
You hit the minotaur but do no damage.
The minotaur is almost dead.
The minotaur hits you with a staff of earth!
* * * LOW HITPOINT WARNING * * *
The minotaur gores you but does no damage.
The minotaur closely misses you. You block the minotaur's attack.
Aiming: Paralyse
Press: ? - help, Shift-Dir - straight line, f - minotaur
Aim: a minotaur, wielding a staff of earth, wearing a +0 chain mail, wearing the ring "Fahiriash" {Ice *Slow rN++ Int+2} and quivering silver javelins (almost dead, chance to affect: 7%)
Okay, then.
Unknown command.
Unknown command.
Aiming: Mindburst
Press: ? - help, Shift-Dir - straight line, f - minotaur
Aim: a minotaur, wielding a staff of earth, wearing a +0 chain mail, wearing the ring "Fahiriash" {Ice *Slow rN++ Int+2} and quivering silver javelins (almost dead, chance to affect: 22%)
Okay, then.
Unknown command.
Unknown command.
It was a potion of ambrosia.
You are confused.
You feel invigorated.
The minotaur hits you with a staff of earth!
You die...

##...≈≈# # #
##...≈##...#
=#.P.###.♣.#######
##.♣..##...##....#
©#.....#.♣.##.##.#
##..P♣.#......##.#
.#...P.#.©.##.##.#
##.....#...##....#
##.....#.©.##.##@#
....∩..#......##.H...∩≈#
##.....#.©.##.##.#.#.≈≈#
##.....#...##....#.# ≈#
##...P.#.©.##.##.# #
##...♣.#......##.#
©#.PP..#.♣.##.##.#
##.♣..##...##....#
##.P.###.♣.####


You could see a minotaur.

Vanquished Creatures
  Harold (D:9)
  Erica (D:9)
  2 two-headed ogres (D:9)
  A wretched star (Gauntlet)
  A worldbinder (Gauntlet)
  A black mamba (shapeshifter) (Gauntlet)
  An unseen horror (D:10)
  A hornet (D:8)
  A slime creature (shapeshifter) (Gauntlet)
  2 wyverns
  7 yaks
  A neqoxec (Gauntlet)
  4 steam dragons
  A small abomination (Gauntlet)
  Eustachio (D:6)
  A redback (shapeshifter) (Gauntlet)
  A water moccasin (D:6)
  4 orc warriors
  A sky beast (D:7)
  4 black bears
  3 ice beasts
  3 boggarts (Gauntlet)
  4 centaurs
  A phantom (D:6)
  3 kobold brigands
  A gnoll sergeant (D:10)
  A necrophage (D:8)
  A scorpion (D:5)
  6 wights (D:8)
  A gnoll bouda (D:9)
  4 orc priests
  A human zombie (D:5)
  4 hounds
  An iguana (D:6)
  7 orc wizards
  7 adders
  7 gnolls
  A river rat (Sewer)
  3 shadow imps
  A white imp (D:5)
  2 dart slugs (D:1)
  34 orcs
  7 endoplasms
  6 giant cockroaches
  7 goblins
  9 hobgoblins
  6 jackals
  9 quokkas
  8 ball pythons
  5 bats
  A frilled lizard (D:2)
  21 kobolds
  5 rats
217 creatures vanquished.

Vanquished Creatures (others)
  3 orcs (D:10)
3 creatures vanquished.

Grand Total: 220 creatures vanquished

Notes
Turn   | Place    | Note
-------+----------+-------------------------------------------
     0 | D:1      | jejorda2 the Gnoll Berserker began the quest for the Orb.
     0 | D:1      | Reached XP level 1. HP: 23/23 MP: 1/1
   145 | D:1      | Reached XP level 2. HP: 29/29 MP: 2/2
   174 | D:1      | You fall into a shaft and drop 1 floor!
   334 | D:2      | Reached XP level 3. HP: 35/35 MP: 3/3
   481 | D:2      | Reached skill level 1 in Invocations
  1008 | D:1      | Reached skill level 1 in Short Blades
  1008 | D:1      | Reached skill level 1 in Long Blades
  1008 | D:1      | Reached skill level 1 in Axes
  1008 | D:1      | Reached skill level 1 in Polearms
  1008 | D:1      | Reached skill level 1 in Staves
  1008 | D:1      | Reached skill level 1 in Ranged Weapons
  1008 | D:1      | Reached skill level 1 in Throwing
  1008 | D:1      | Reached skill level 1 in Stealth
  1008 | D:1      | Reached skill level 1 in Shields
  1008 | D:1      | Reached skill level 1 in Unarmed Combat
  1008 | D:1      | Reached skill level 1 in Spellcasting
  1008 | D:1      | Reached skill level 1 in Evocations
  1257 | D:1      | Reached ** piety under Trog
  1258 | D:1      | Reached XP level 4. HP: 36/41 MP: 3/5
  1732 | D:3      | Reached skill level 1 in Conjurations
  1732 | D:3      | Reached skill level 1 in Hexes
  1732 | D:3      | Reached skill level 1 in Summonings
  1732 | D:3      | Reached skill level 1 in Necromancy
  1732 | D:3      | Reached skill level 1 in Translocations
  1732 | D:3      | Reached skill level 1 in Transmutations
  1732 | D:3      | Reached skill level 1 in Fire Magic
  1732 | D:3      | Reached skill level 1 in Ice Magic
  1732 | D:3      | Reached skill level 1 in Air Magic
  1732 | D:3      | Reached skill level 1 in Earth Magic
  1732 | D:3      | Reached skill level 1 in Poison Magic
  1810 | D:3      | Found a glowing drain.
  1832 | Sewer    | Entered a sewer
  1951 | Sewer    | Noticed a kobold brigand
  1966 | Sewer    | Killed a kobold brigand
  1967 | Sewer    | Reached XP level 5. HP: 47/47 MP: 1/7
  2045 | Sewer    | Found a white marble altar of Elyvilon.
  2147 | D:3      | Found a radiant altar of Vehumet.
  2386 | D:3      | Noticed a frost-covered statue
  2785 | D:4      | Noticed an ice beast
  2801 | D:4      | Killed an ice beast
  2802 | D:4      | Reached skill level 5 in Armour
  2802 | D:4      | Reached skill level 5 in Dodging
  2802 | D:4      | Reached XP level 6. HP: 53/53 MP: 3/9
  3019 | D:4      | Found a blossoming altar of Fedhas.
  3247 | D:4      | Noticed a black bear
  3259 | D:4      | Killed a black bear
  3528 | D:5      | Entered Level 5 of the Dungeon
  3566 | D:5      | Reached XP level 7. HP: 56/60 MP: 7/10
  3863 | D:5      | Found a staircase to the Ecumenical Temple.
  3904 | D:5      | Found a runed translucent door.
  3904 | D:5      | Noticed a human
  4174 | D:5      | Found Vyocenifu's Elemental Accessories.
  4201 | D:5      | Reached XP level 8. HP: 66/67 MP: 7/12
  4446 | D:5      | Found a basalt altar of Yredelemnul.
  4763 | D:6      | Noticed Eustachio
  4770 | D:6      | Killed Eustachio
  5598 | D:7      | Reached *** piety under Trog
  5730 | D:7      | Found a shimmering altar of Xom.
  5731 | D:7      | Found a shimmering altar of Xom.
  5731 | D:7      | Found a shimmering altar of Xom.
  5731 | D:7      | Found a shimmering altar of Xom.
  5732 | D:7      | Found a shimmering altar of Xom.
  5737 | D:7      | Reached XP level 9. HP: 73/73 MP: 11/14
  5793 | D:7      | Found a burning altar of Makhleb.
  6079 | D:7      | Noticed a mana viper
  6080 | D:7      | Noticed a sea snake
  6082 | D:7      | Found a shimmering altar of Xom.
  6082 | D:7      | Found a shimmering altar of Xom.
  6086 | D:7      | Noticed a moth of wrath
  6104 | D:7      | a moth of wrath changed into a deep troll
  6104 | D:7      | Noticed a deep troll (shapeshifter)
  6133 | D:7      | a deep troll changed into a manticore
  6133 | D:7      | Noticed a manticore (shapeshifter)
  6301 | D:7      | Identified the +1 robe "Vanty" {*Slow rF- Int+6 Archmagi}
  6304 | D:7      | Found an iron altar of Okawaru.
  6662 | D:7      | Noticed a steelbarb worm
  6937 | D:8      | Reached skill level 5 in Invocations
  7197 | D:8      | Noticed a hornet
  7199 | D:8      | Killed a hornet
  7341 | D:8      | Found a bloodstained altar of Trog.
  7465 | D:8      | Found a glowing silver altar of Zin.
  7471 | D:8      | Found a hazy altar of Hepliaklqana.
  7481 | D:8      | Reached skill level 5 in Short Blades
  7481 | D:8      | Reached skill level 5 in Long Blades
  7481 | D:8      | Reached skill level 5 in Axes
  7481 | D:8      | Reached skill level 5 in Polearms
  7481 | D:8      | Reached skill level 5 in Staves
  7481 | D:8      | Reached skill level 5 in Ranged Weapons
  7481 | D:8      | Reached skill level 5 in Throwing
  7481 | D:8      | Reached skill level 5 in Stealth
  7481 | D:8      | Reached skill level 5 in Shields
  7481 | D:8      | Reached skill level 5 in Unarmed Combat
  7481 | D:8      | Reached skill level 5 in Spellcasting
  7481 | D:8      | Reached skill level 5 in Evocations
  7481 | D:8      | Reached XP level 10. HP: 58/81 MP: 11/17
  8371 | D:9      | Noticed a two-headed ogre
  8387 | D:9      | Killed a two-headed ogre
  8532 | D:9      | Noticed a two-headed ogre
  8542 | D:9      | Killed a two-headed ogre
  8650 | D:9      | Found a stormy altar of Qazlal.
  8738 | D:9      | Identified the +2 helmet "Pesch" {rElec Will- Dex+2}
  8863 | D:9      | Noticed Harold
  8874 | D:9      | Killed Harold
  9088 | D:9      | Noticed Erica
  9101 | D:9      | Killed Erica
  9304 | D:10     | Entered Level 10 of the Dungeon
  9314 | D:10     | Identified a scroll of acquirement
  9314 | D:10     | Acquired a manual of Shields
  9519 | D:10     | Found a staircase to the Orcish Mines.
  9732 | D:10     | Reached skill level 5 in Conjurations
  9732 | D:10     | Reached skill level 5 in Hexes
  9732 | D:10     | Reached skill level 5 in Summonings
  9732 | D:10     | Reached skill level 5 in Necromancy
  9732 | D:10     | Reached skill level 5 in Translocations
  9732 | D:10     | Reached skill level 5 in Transmutations
  9732 | D:10     | Reached skill level 5 in Fire Magic
  9732 | D:10     | Reached skill level 5 in Ice Magic
  9732 | D:10     | Reached skill level 5 in Air Magic
  9732 | D:10     | Reached skill level 5 in Earth Magic
  9732 | D:10     | Reached skill level 5 in Poison Magic
  9732 | D:10     | Reached XP level 11. HP: 89/89 MP: 7/20
  9857 | D:10     | Paralysed by an orc for 2 turns
 10097 | D:10     | Found an opulent altar of Gozag.
 10266 | D:11     | Found a gate leading to a gauntlet.
 10274 | Gauntlet | Entered a Gauntlet
 10274 | Gauntlet | Found a transporter.
 10281 | Gauntlet | Found a transporter.
 10283 | Gauntlet | Found a transporter.
 10286 | Gauntlet | Noticed a worldbinder
 10296 | Gauntlet | Found a transporter.
 10297 | Gauntlet | Found a transporter.
 10307 | Gauntlet | Found a transporter.
 10321 | Gauntlet | Found a runed translucent door.
 10321 | Gauntlet | Noticed a wretched star
 10322 | Gauntlet | Found a transporter.
 10323 | Gauntlet | Found a runed translucent door.
 10333 | Gauntlet | Found a transporter.
 10344 | Gauntlet | Found a transporter.
 10344 | Gauntlet | Noticed a death yak
 10345 | Gauntlet | Noticed a death yak
 10346 | Gauntlet | Noticed a death yak
 10347 | Gauntlet | Noticed a death yak
 10348 | Gauntlet | Noticed a death yak
 10351 | Gauntlet | Noticed a death yak
 10354 | Gauntlet | Noticed a necromancer
 10358 | Gauntlet | Found a transporter.
 10373 | Gauntlet | Found a transporter.
 10373 | Gauntlet | Found a transporter.
 10374 | Gauntlet | Noticed a soul eater
 10414 | Gauntlet | Found a transporter.
 10429 | Gauntlet | Found a transporter.
 10508 | Gauntlet | Noticed a harpy
 10515 | Gauntlet | a harpy changed into something unseen
 10873 | Gauntlet | Noticed a bog body
 10891 | Gauntlet | Killed a worldbinder
 10926 | Gauntlet | Identified the amulet of Emavep {Spirit rPois Int+4}
 10974 | Gauntlet | Killed a wretched star
 10992 | Gauntlet | Identified the +1 helmet of the Quahog {Will+ SInv}
 11104 | Gauntlet | Identified the ring "Fahiriash" {Ice *Slow rN++ Int+2}
 11104 | Gauntlet | Noticed a minotaur
 11127 | Gauntlet | HP: 3/89 [minotaur/staff of earth (14)]
 11128 | Gauntlet | Slain by a minotaur

Illustrated notes

Levels and vault maps discovered:
D:1:      dpeg_arrival_erosion, layout_rooms
D:2:      layout_basic
D:3:      layout_loops_ring, vehumet_statue, gup_sewer_entry_pipe
D:4:      layout_loops_ring, mainiacjoe_overflow_paths
D:5:      cheibrodos_helix_gallery, layout_basic, dk_yredelemnul_ordeal,
          temple_green, nicolae_elemental_shop
D:6:      layout_loops_cross, uniq_eustachio
D:7:      layout_gridville, lemuel_tele_altar, xom_shifter_show,
          okawaru_metal_pillars_1_2
D:8:      minmay_octagon_keep, layout_basic, grunt_temple_overflow_open,
          marbit_many_paths, dk_rats_in_the_wall
D:9:      layout_cave_pods, mainiacjoe_overflow_24_doors, uniq_harold,
          uniq_erica
D:10:     layout_big_octagon, nicolae_gozag_seed_capital, david_orc_2
D:11:     layout_basic, erik_lair_dragon, gauntlet_entry_generic
Gauntlet: minmay_gauntlet_77_tree [minmay_gauntlet_arena_77_squiggly,
          minmay_gauntlet_arena_77_broken_ladder,
          minmay_gauntlet_arena_77_double_cross, minmay_gauntlet_arena_77_fan,
          minmay_gauntlet_arena_77_checkered, minmay_gauntlet_arena_77_cramped,
          minmay_gauntlet_arena_77_tiled_triplets, gauntlet_exit_watery]

Skill      XL: |  1  2  3  4  5  6  7  8  9 10 11 |
---------------+----------------------------------+-----
Invocations    | 1 2 3 4 5 6 7 |  7.2
Short Blades   | 1 2 3 5 6 |  6.6
Long Blades    | 1 2 3 5 6 |  6.6
Axes           | 1 2 3 5 6 |  6.6
Polearms       | 1 2 3 5 6 |  6.6
Staves         | 1 2 3 5 6 |  6.6
Ranged Weapons | 1 2 3 5 6 |  6.6
Throwing       | 1 2 3 5 6 |  6.6
Stealth        | 1 2 3 5 6 |  6.6
Shields        | 1 2 3 5 6 7 |  7.2
Unarmed Combat | 1 2 3 5 6 |  6.6
Spellcasting   | 1 2 3 5 6 |  6.6
Evocations     | 1 2 3 5 6 |  6.6
Conjurations   | 1 2 3 4 5 |  5.4
Hexes          | 1 2 3 4 5 |  5.4
Summonings     | 1 2 3 4 5 |  5.4
Necromancy     | 1 2 3 4 5 |  5.4
Translocations | 1 2 3 4 5 |  5.4
Transmutations | 1 2 3 4 5 |  5.4
Fire Magic     | 1 2 3 4 5 |  5.4
Ice Magic      | 1 2 3 4 5 |  5.4
Air Magic      | 1 2 3 4 5 |  5.4
Earth Magic    | 1 2 3 4 5 |  5.4
Poison Magic   | 1 2 3 4 5 |  5.4
Armour         | 5 6 7 8 |  8.1
Dodging        | 5 6 7 8 |  8.1
Fighting       | 7 8 9 |  9.4
Maces & Flails | 7 8 9 |  9.4

Action                   |  1- 3 |  4- 6 |  7- 9 | 10-12 || total
-------------------------+-------+-------+-------+-------++-------
Melee: Mace              |   113 |   140 |    69 |       ||   322
       Bite              |     7 |     8 |    37 |    57 ||   109
       Punch             |     2 |     3 |     4 |     2 ||    11
       Unarmed           |       |       |   268 |    38 ||   306
       Whip              |       |       |       |   295 ||   295
       Flail             |       |       |       |    18 ||    18
Throw: Boomerang         |       |       |       |    11 ||    11
       Dart              |       |       |       |     4 ||     4
Invok: Berserk           |     3 |     4 |     7 |     9 ||    23
       Trog's Hand       |       |     2 |     4 |     6 ||    12
Evoke: Wand              |       |       |     2 |       ||     2
  Use: Scroll            |       |     4 |       |    14 ||    18
       Potion            |       |       |       |     3 ||     3
 Stab: Sleeping          |     2 |       |       |       ||     2
Armor: Animal skin       |     9 |       |       |       ||     9
       Leather armour    |    15 |     3 |       |       ||    18
       Ring mail         |       |    33 |       |       ||    33
       Plate armour      |       |    22 |   289 |    29 ||   340
       Chain mail        |       |       |       |   148 ||   148
Dodge: Dodged            |   111 |    83 |   136 |   112 ||   442
Block: Buckler           |       |       |       |    44 ||    44
       Kite shield       |       |       |       |    29 ||    29

Table legend: (Time is in decaauts)
 A = Elapsed time spent in this place.
 B = Non-inter-level travel time spent in this place.
 C = Inter-level travel time spent in this place.
 D = Time resting spent in this place.
 E = Time spent auto-exploring this place.
 F = Levels seen in this place.
 G = Mean time per level.
                   A        B        C        D        E       F      G
               +--------+--------+--------+--------+--------+-----+--------+
         Total |  11259 |  10922 |    337 |   1851 |   6990 |  13 |  866.1 |
       Dungeon |  10067 |   9730 |    337 |   1368 |   6579 |  11 |  915.2 |
         Sewer |    332 |    332 |      0 |     60 |    171 |   1 |  332.0 |
      Gauntlet |    860 |    860 |      0 |    422 |    240 |   1 |  860.0 |
               +--------+--------+--------+--------+--------+-----+--------+

Top non-repeatable levels by time:
     D:8: 1352 daAuts
     D:7: 1229 daAuts
     D:9: 1221 daAuts
     D:5: 1088 daAuts
     D:6: 961 daAuts
     D:1: 887 daAuts
    D:10: 874 daAuts
     D:2: 864 daAuts
Gauntlet: 860 daAuts
     D:3: 802 daAuts
     D:4: 764 daAuts
   Sewer: 332 daAuts
    D:11: 21 daAuts
